cohdb
Replays
Latest Replays
All Replays
Popular Replays
Top Player Replays
Match Explorer
How It Works
Community
CoH3 Stats
Reddit
Sign in to upload your games and track your stats! →
Sign in with Steam
Match 43674567
Unlisted
Match 43674567
Overview
Messages
Build Orders
End
Scout Squad
Construct Weapon Support Center
Selects Airborne Battlegroup
Selects Heavy Machine Gun Paradrop
Selects Smoke Bombing Run
Heavy Machine Gun Paradrop
Sniper
Heavy Machine Gun Paradrop
Infantry Support Center
Selects Paratrooper Squad Paradrop
Paratrooper Squad Paradrop
Construct Medical Station
Paratrooper Squad Paradrop
Heavy Machine Gun Paradrop
Rubaka
只愛❤毛妹
0
0
Comments
sign in to comment!
No comments posted yet!